Map: Rhoskallian LE

Players

HurtConveyor - Winner!

  • Race: Protoss Protoss
  • League: Platinum
  • Spawn Location: 11:00

nullptr - Winner!

  • Race: Zerg Zerg
  • League: Diamond
  • Spawn Location: 12:00

MattBarry

  • Race: Protoss Protoss
  • League: Gold
  • Spawn Location: 6:00

MattBarry

  • Race: Zerg Zerg
  • League: Gold
  • Spawn Location: 5:00

VOD

Have the link to the VOD?

Description

Time

  • Played on: Jan. 21, 2023, 4:09 a.m.
  • Length: 20:14
Show
View Real Time Build Order
Export as new Build Order

HurtConveyor Protoss - Winner!

Build Orders:  

Get SALT Encoding   

  12  0:12  Pylon  
  12  0:19  Probe (Chrono Boost)  
  14  0:29  Probe (Chrono Boost)  
  14  0:34  Probe (Chrono Boost)  
  14  0:39  Gateway  
  15  0:45  Probe  
  16  0:57  Probe  
  16  0:58  Pylon  
  17  1:09  Probe  
  17  1:10  Assimilator  
  18  1:22  Probe  
  19  1:33  Cybernetics Core  
  19  1:34  Probe  
  20  1:44  Gateway  
  20  1:46  Probe  
  21  1:58  Probe  
  22  2:02  Gateway  
  22  2:10  Probe  
  23  2:22  Probe  
  24  2:25  Warp Gate (Chrono Boost)  
  24  2:34  Assimilator, Probe  
  25  2:46  Probe  
  25  2:49  Zealot (Chrono Boost)  
  25  2:50  Pylon  
  28  3:15  Stalker x2  
  32  3:59  Nexus  
  32  4:02  Pylon  
  32  4:04  Pylon  
  32  4:06  Twilight Council  
  32  4:09  Adept x2  
  36  4:10  Adept  
  38  4:24  Probe  
  39  4:37  Probe  
  40  4:49  Probe  
  37  5:01  Charge (Chrono Boost), Probe  
  37  5:06  Gateway  
  36  5:09  Gateway  
  36  5:10  Assimilator  
  36  5:13  Probe  
  37  5:14  Assimilator  
  37  5:16  Forge  
  37  5:19  Pylon  
  37  5:27  Stalker x2  
  37  5:28  Probe (Chrono Boost)  
  42  5:30  Robotics Facility, Probe (Chrono Boost)  
  43  5:41  Probe x2 (Chrono Boost)  
  45  5:47  Probe  
  45  5:49  Probe  
  47  5:59  Photon Cannon, Probe  
  48  6:06  Gateway, Protoss Ground Weapons Level 1 (Chrono Boost)  
  48  6:11  Probe  
  48  6:18  Shield Battery  
  49  6:21  Observer  
  49  6:23  Probe (Chrono Boost)  
  49  6:24  Stalker  
  49  6:25  Stalker  
  55  6:35  Probe (Chrono Boost)  
  56  6:43  Probe (Chrono Boost)  
  57  6:52  Adept  
  57  6:53  Adept  
  61  6:55  Nexus  
  61  6:56  Zealot  
  63  7:18  Zealot x3  
  63  7:19  Zealot x3  
  67  7:50  Zealot  
  67  7:51  Zealot x2  
  59  7:52  Zealot x3  
  67  7:59  Nexus  
  67  8:08  Pylon  
  63  8:27  Zealot x2  
  63  8:28  Zealot x3  
  63  8:29  Stalker  
  57  8:51  Probe x2  
  55  8:56  Blink  
  55  9:00  Stargate  
  55  9:03  Probe  
  56  9:13  Zealot x4  
  56  9:14  Zealot  
  53  9:30  Stalker, Probe (Chrono Boost)  
  56  9:39  Dark Shrine  
  56  9:40  Probe (Chrono Boost)  
  56  9:45  Probe (Chrono Boost)  
  51  9:47  Stalker  
  51  9:48  Stalker  
  51  9:50  Stalker  
  54  9:57  Probe  
  55  10:01  Photon Cannon  
  55  10:13  Stalker x2  
  59  10:14  Stalker  
  59  10:16  Shield Battery  
  61  10:22  Protoss Ground Armor Level 1 (Chrono Boost)  
  61  10:26  Probe  
  62  10:36  Stalker  
  62  10:37  Pylon  
  62  10:38  Probe  
  62  10:40  Stalker x2  
  57  11:13  Stalker x2  
  57  11:14  Stalker x2  
  57  11:15  Stalker x2  
  69  11:24  Probe (Chrono Boost)  
  70  11:34  Probe (Chrono Boost)  
  70  11:37  Dark Templar x3  
  70  11:38  Dark Templar x3  
  70  11:39  Probe (Chrono Boost)  
  83  11:42  Assimilator  
  84  11:51  Assimilator  
  84  11:53  Observer  
  77  12:11  Archon  
  71  12:22  Void Ray, Dark Templar  
  75  12:23  Dark Templar x3  
  75  12:24  Dark Templar  
  75  12:25  Stalker  
  75  12:49  Photon Cannon  
  75  12:50  Zealot  
  77  12:58  Gateway  
  77  13:00  Gateway  
  77  13:03  Nexus  
  77  13:06  Dark Templar x2  
  77  13:07  Zealot  
  77  13:09  Pylon  
  77  13:12  Probe x3  
  86  13:24  Probe  
  86  13:25  Probe  
  88  13:27  Probe  
  88  13:28  Stalker  
  88  13:29  Stalker x2  
  89  13:36  Probe  
  89  13:37  Probe  
  89  13:40  Stalker  
  93  13:45  Probe  
  94  13:48  Probe  
  94  13:49  Archon, Probe  
  94  13:50  Archon  
  94  13:52  Stalker, Protoss Ground Armor Level 2  
  98  13:58  Probe  
  99  14:14  Pylon  
  89  14:29  Probe (Chrono Boost)  
  90  14:36  Stalker  
  90  14:37  Stalker x2  
  90  14:38  Stalker, Dark Templar  
  97  14:39  Dark Templar, Probe (Chrono Boost)  
  97  14:40  Photon Cannon  
  97  14:44  Probe (Chrono Boost)  
  100  14:56  Probe  
  94  15:08  Probe (Chrono Boost)  
  94  15:10  Stalker x2  
  94  15:11  Stalker x4  
  94  15:12  Stalker  
  107  15:16  Assimilator  
  107  15:20  Probe (Chrono Boost)  
  108  15:25  Probe (Chrono Boost)  
  109  15:32  Stalker  
  109  15:34  Probe  
  109  15:49  Phoenix  
  110  15:55  Stalker x2  
  110  15:56  Stalker x2  
  117  15:58  Stalker  
  118  16:09  Stalker  
  118  16:10  Stalker x2  
  111  16:22  Protoss Ground Weapons Level 2 (Chrono Boost)  
  109  16:34  Phoenix  
  109  16:39  Photon Cannon  
  111  16:46  Photon Cannon  
  111  16:47  Probe  
  111  16:49  Assimilator  
  111  16:50  Photon Cannon  
  112  16:59  Phoenix, Probe  
  115  17:24  Phoenix  
  117  17:31  Probe  
  108  17:41  Zealot  
  108  17:42  Zealot x2  
  108  17:43  Zealot  
  108  17:44  Stalker, Dark Templar  
  118  17:49  Phoenix  
  122  17:56  Stalker x2  
  126  17:58  Pylon  
  120  18:27  Stalker x2  
  120  18:28  Stalker x5  
  130  18:36  Stalker  
  128  18:56  Phoenix (Chrono Boost)  
  128  18:57  Photon Cannon  
  128  19:25  Stalker x3  
  128  19:26  Stalker x2  
  138  19:48  Probe  
  138  19:52  Photon Cannon  
  135  20:00  Probe  
  136  20:11  Stalker x2  
Show
View Real Time Build Order
Export as new Build Order

nullptr Zerg - Winner!

Build Orders: Hatch First, Lurkers 

Get SALT Encoding   

  12  0:01  Drone  
  13  0:13  Overlord  
  13  0:18  Drone  
  14  0:33  Drone x2  
  16  0:51  Hatchery  
  16  0:54  Drone  
  16  0:58  Drone  
  16  1:01  Drone  
  18  1:12  Extractor  
  17  1:18  Spawning Pool  
  17  1:20  Drone  
  17  1:23  Drone  
  18  1:30  Drone  
  19  1:41  Drone  
  20  2:00  Overlord  
  20  2:05  Queen  
  20  2:06  Queen  
  24  2:08  Drone x2  
  26  2:17  Metabolic Boost  
  26  2:30  Overlord  
  26  2:32  Drone x3  
  29  2:47  Baneling Nest  
  29  2:51  Hatchery, Drone  
  27  2:55  Drone x2  
  30  3:01  Drone  
  30  3:02  Drone  
  30  3:04  Zergling x2  
  33  3:08  Zergling x2  
  34  3:15  Queen  
  34  3:19  Zergling x4  
  38  3:36  Drone x6  
  44  3:47  Overlord  
  44  3:59  Overlord  
  44  4:02  Queen  
  46  4:08  Drone x5  
  46  4:09  Drone  
  52  4:12  Queen  
  52  4:15  Queen  
  56  4:23  Drone  
  56  4:24  Drone x3  
  59  4:34  Roach Warren, Drone  
  59  4:35  Drone x5  
  64  4:46  Drone  
  64  4:47  Overlord  
  65  4:57  Baneling x5  
  65  4:59  Overlord  
  65  5:05  Queen  
  65  5:06  Queen  
  69  5:07  Overlord  
  69  5:16  Lair  
  69  5:19  Drone  
  69  5:20  Evolution Chamber  
  69  5:21  Evolution Chamber  
  69  5:23  Drone x10  
  69  5:24  Hatchery  
  77  5:38  Extractor  
  77  5:39  Extractor, Overlord  
  77  5:40  Queen, Extractor x2, Overlord  
  77  5:41  Drone x3  
  77  5:42  Queen, Drone x4  
  84  5:47  Zerg Missile Weapons Level 1  
  84  6:01  Extractor  
  83  6:10  Drone x3  
  86  6:17  Infestation Pit  
  85  6:20  Hydralisk Den  
  85  6:23  Drone x14  
  99  6:32  Drone  
  99  6:33  Drone  
  99  6:39  Zerg Ground Armor Level 1  
  100  6:40  Overlord  
  100  6:43  Roach x6  
  111  6:55  Roach  
  111  6:56  Roach, Overlord  
  111  6:57  Overlord x3  
  111  7:00  Drone x4  
  113  7:02  Hive  
  113  7:07  Lurker Den  
  112  7:13  Roach  
  112  7:14  Roach x3, Overlord  
  112  7:15  Overlord  
  119  7:18  Overlord x2  
  119  7:22  Roach x3  
  129  7:23  Roach x3  
  129  7:25  Glial Reconstitution  
  129  7:26  Overseer  
  129  7:28  Roach x3  
  137  7:31  Roach  
  139  7:45  Roach x9  
  139  7:51  Roach x3  
  162  7:53  Overseer  
  156  8:02  Roach x6  
  152  8:10  Roach  
  152  8:11  Roach x4  
  150  8:14  Roach  
  150  8:15  Roach  
  150  8:18  Roach  
  152  8:21  Roach  
  152  8:24  Ravager, Roach x3  
  152  8:25  Roach x5  
  145  8:37  Roach  
  145  8:38  Roach x5  
  145  8:49  Roach x4  
  145  8:52  Adaptive Talons  
  145  8:54  Roach x3  
  145  8:55  Roach, Overlord x2  
  161  8:56  Zergling x4  
  139  9:10  Swarm Host  
  139  9:11  Roach x3  
  139  9:12  Roach x2  
  148  9:19  Roach x3  
  142  9:29  Drone x4  
  130  9:36  Roach x2  
  123  9:39  Roach  
  123  9:40  Roach  
  127  9:47  Roach x2  
  131  9:58  Overseer  
  131  10:01  Roach x4  
  131  10:02  Roach x6  
  151  10:09  Roach x2  
  151  10:11  Ravager x6  
  151  10:13  Hydralisk  
  163  10:19  Extractor x2  
  161  10:26  Zerg Missile Weapons Level 2  
  161  10:30  Hatchery  
  160  10:41  Roach x5  
  160  10:42  Roach x8  
  171  11:01  Roach  
  171  11:02  Roach x9  
  175  11:08  Ravager  
  175  11:09  Ravager  
  175  11:11  Overlord x2  
  165  11:19  Drone x3  
  165  11:20  Drone x7  
  165  11:21  Drone x3  
  178  11:32  Hydralisk x2, Lurker  
  179  11:33  Hydralisk x2  
  179  11:36  Zerg Ground Armor Level 2  
  187  11:52  Extractor  
  181  11:54  Extractor  
  170  12:01  Roach x5  
  170  12:02  Roach x8  
  192  12:11  Hydralisk x4  
  186  12:21  Hydralisk  
  186  12:22  Hydralisk x9  
  178  12:28  Roach x3  
  165  12:32  Hydralisk x2  
  154  12:41  Lurker x2  
  156  13:08  Zerg Missile Weapons Level 3  
  153  13:29  Lurker x2  
  153  13:30  Lurker x7  
  162  13:43  Lurker x2  
  162  13:49  Roach  
  164  13:56  Roach x2  
  164  13:57  Roach x13  
  190  14:05  Roach  
  190  14:06  Roach x4  
  196  14:19  Roach  
  198  14:28  Hydralisk  
  194  14:41  Roach x5  
  190  14:47  Roach  
  190  14:48  Roach x8  
  190  14:49  Roach  
  190  14:50  Roach x2  
  191  14:53  Hydralisk  
  191  14:54  Hydralisk x3  
  189  15:02  Hydralisk x6  
  192  15:14  Hydralisk x3  
  192  15:21  Overlord x3  
  198  15:44  Hydralisk  
  198  15:58  Hatchery  
  198  16:03  Hydralisk  
  177  16:21  Hydralisk  
  177  16:22  Hydralisk x11  
  199  16:38  Hydralisk x2  
  199  16:39  Hydralisk x4  
  199  16:52  Hydralisk  
  186  17:22  Lurker x10  
  196  17:30  Drone x3  
  196  17:31  Drone  
  196  17:34  Overseer x2  
  200  17:58  Roach x8  
  144  17:59  Roach x18  
  174  18:14  Hydralisk x10  
  174  18:15  Hydralisk  
  196  18:28  Extractor  
  196  18:29  Drone, Extractor  
  196  18:30  Drone  
  196  18:31  Drone  
  196  18:32  Drone x10  
  182  18:50  Queen  
  181  19:13  Overseer x2  
Show
View Real Time Build Order
Export as new Build Order

MattBarry Protoss 

Build Orders: 1 Gate Expand 

Get SALT Encoding   

  12  0:00  Probe  
  13  0:12  Probe  
  14  0:23  Pylon  
  14  0:24  Probe  
  15  0:39  Assimilator  
  15  0:41  Probe  
  16  0:46  Gateway  
  16  0:53  Probe  
  17  1:06  Probe (Chrono Boost)  
  18  1:17  Probe (Chrono Boost)  
  19  1:21  Probe (Chrono Boost)  
  20  1:34  Nexus  
  20  1:36  Probe  
  21  1:48  Probe  
  21  1:54  Pylon  
  22  2:00  Probe  
  23  2:12  Cybernetics Core, Probe  
  24  2:22  Assimilator  
  24  2:24  Probe  
  25  2:36  Probe  
  26  2:39  Pylon  
  26  2:42  Gateway  
  26  2:48  Probe x2  
  28  2:51  Warp Gate (Chrono Boost)  
  28  2:53  Adept  
  30  3:00  Probe  
  30  3:04  Probe  
  32  3:12  Forge  
  32  3:13  Probe  
  32  3:16  Probe  
  32  3:18  Gateway  
  34  3:23  Adept  
  34  3:25  Probe  
  37  3:28  Probe  
  37  3:29  Adept  
  40  3:47  Photon Cannon  
  40  3:54  Protoss Ground Weapons Level 1 (Chrono Boost)  
  40  3:58  Adept  
  40  3:59  Probe  
  40  4:00  Probe  
  44  4:03  Assimilator  
  44  4:07  Assimilator  
  44  4:09  Pylon  
  44  4:11  Stalker x2  
  48  4:19  Pylon  
  48  4:20  Probe x2  
  50  4:32  Probe x2  
  52  4:44  Probe  
  52  4:45  Probe  
  54  4:49  Stalker x3  
  60  5:04  Probe x2  
  62  5:07  Robotics Facility  
  62  5:10  Pylon  
  62  5:16  Pylon, Probe x2  
  62  5:18  Photon Cannon  
  64  5:26  Twilight Council  
  65  5:28  Probe x2  
  65  5:30  Stalker x3  
  72  5:46  Photon Cannon  
  72  5:50  Probe x2  
  72  5:54  Stalker x3  
  72  5:55  Protoss Ground Armor Level 1 (Chrono Boost)  
  80  5:57  Blink (Chrono Boost)  
  80  6:02  Pylon  
  80  6:03  Pylon  
  80  6:07  Pylon  
  80  6:16  Observer  
  81  6:23  Stalker  
  81  6:24  Stalker x2  
  87  6:54  Nexus  
  87  6:57  Pylon, Stalker  
  87  6:58  Pylon, Stalker x2  
  93  7:15  Gateway  
  93  7:20  Gateway  
  93  7:21  Gateway, Stalker  
  93  7:22  Stalker x2  
  97  7:46  Protoss Ground Weapons Level 2 (Chrono Boost)  
  97  8:25  Zealot x3  
  97  8:26  Zealot x2  
  97  8:27  Stalker  
  95  8:46  Stalker x5  
  92  9:15  Stalker x6  
  80  9:41  Stalker x3  
  80  9:42  Stalker x3  
  90  9:50  Probe x3  
  93  10:02  Probe x2  
  95  10:07  Photon Cannon  
  95  10:08  Stalker x3  
  95  10:09  Photon Cannon, Shield Battery  
  101  10:18  Stalker x2  
  105  10:27  Assimilator  
  105  10:31  Assimilator  
  105  10:40  Nexus  
  105  10:42  Pylon  
  99  11:13  Stalker x6  
  111  11:21  Probe x3  
  114  11:33  Probe x3  
  114  11:39  Stalker  
  119  11:40  Stalker x5  
  129  11:49  Probe x3  
  132  12:01  Probe  
  102  12:24  Stalker x5  
  102  12:25  Zealot  
  106  12:40  Photon Cannon  
  106  12:43  Photon Cannon  
  106  12:45  Shield Battery  
  106  12:46  Observer  
  107  12:51  Robotics Bay  
  107  13:02  Stalker x2  
  107  13:03  Stalker x4  
  119  13:07  Observer  
  120  13:17  Templar Archives  
  120  13:41  Stalker x5  
  122  13:42  Stalker  
  131  14:04  Observer  
  131  14:14  Zealot x6  
  82  14:53  Zealot x3  
  67  15:19  Disruptor (Chrono Boost)  
  67  15:21  Pylon  
  58  15:23  Pylon  
  58  15:28  Assimilator  
  58  15:32  Assimilator  
  58  15:35  Cybernetics Core  
  58  15:40  Zealot x2  
  58  15:41  Zealot  
  62  15:47  Disruptor  
  65  15:50  Psionic Storm  
  65  16:04  Zealot x3  
  57  16:23  Disruptor  
  47  16:38  Zealot x3  
  53  16:43  Gateway  
  53  16:44  Gateway  
  53  16:46  Gateway  
  53  16:47  Gateway  
  50  16:58  Stalker  
  50  16:59  Stalker x2  
  56  17:12  Disruptor  
  59  17:23  Pylon  
  59  17:26  Pylon  
  59  17:27  Stalker x2  
  63  17:38  Stalker x2  
  63  17:40  Stalker  
  69  17:48  Disruptor  
  59  18:19  Stalker  
Show
View Real Time Build Order
Export as new Build Order

MattBarry Zerg 

Build Orders: Hatch First 

Get SALT Encoding   

  12  0:00  Drone  
  13  0:08  Drone  
  14  0:17  Overlord  
  14  0:21  Extractor  
  13  0:23  Drone  
  15  0:36  Drone x2  
  17  0:44  Drone  
  18  1:04  Hatchery  
  17  1:14  Spawning Pool  
  17  1:17  Drone  
  17  1:22  Drone  
  18  1:26  Drone  
  19  1:34  Drone  
  19  1:37  Extractor  
  19  1:48  Drone  
  20  2:03  Zergling x4  
  22  2:12  Overlord  
  22  2:15  Queen  
  22  2:17  Overlord  
  22  2:22  Queen  
  26  2:33  Drone x2  
  28  2:42  Drone x2  
  30  2:48  Drone x2  
  32  2:57  Queen  
  35  2:58  Drone  
  35  3:06  Drone x2  
  37  3:15  Drone  
  38  3:26  Zergling x2, Drone  
  38  3:27  Drone x2  
  40  3:45  Metabolic Boost, Baneling Nest  
  39  3:49  Overlord  
  39  3:50  Zergling x6  
  42  3:58  Hatchery  
  41  4:07  Extractor  
  40  4:10  Roach Warren  
  40  4:13  Drone  
  40  4:15  Evolution Chamber  
  40  4:16  Zergling x10  
  40  4:17  Zergling x4  
  46  4:34  Lair  
  44  4:58  Drone x3  
  44  5:00  Overlord x2  
  44  5:08  Spore Crawler  
  44  5:11  Spore Crawler x2  
  44  5:12  Overlord x2  
  41  5:18  Queen x2  
  45  5:26  Zerg Ground Armor Level 1  
  45  5:29  Drone  
  45  5:30  Drone x3  
  45  5:31  Drone x2  
  51  5:44  Spire  
  51  5:47  Extractor  
  51  5:48  Extractor  
  48  5:50  Drone  
  48  5:51  Drone  
  48  5:55  Drone  
  51  5:58  Drone  
  52  6:04  Drone x2  
  54  6:18  Drone x2, Overlord  
  56  6:31  Zergling x2  
  56  6:32  Zergling x6  
  62  6:33  Roach x2  
  64  6:50  Hatchery  
  60  7:02  Zergling x12  
  65  7:15  Roach x3  
  60  7:25  Roach x3  
  60  7:28  Roach  
  68  7:32  Drone x2  
  68  7:35  Drone  
  71  7:38  Drone  
  72  7:51  Queen  
  72  7:57  Roach x3  
  80  8:00  Glial Reconstitution  
  74  8:17  Zergling x16  
  80  8:25  Zergling x6  
  74  8:47  Drone x4  
  73  8:49  Drone  
  73  8:50  Drone  
  75  9:08  Roach x8  
  80  9:14  Roach x5  
  77  9:26  Zergling x8  
  77  9:37  Zergling x8  
  81  9:43  Queen  
  81  9:45  Drone x3  
  84  10:17  Roach x2  
  84  10:18  Overlord x3  
  88  10:35  Queen  
  88  10:36  Queen  
  85  10:46  Zergling x28  
  98  10:58  Hatchery  
  96  11:05  Overlord x4  
  93  11:28  Mutalisk x10  
  113  11:33  Zerg Flyer Weapons Level 1  
  113  11:42  Drone x2  
  113  11:44  Roach x2  
  119  11:48  Queen  
  121  12:04  Roach x8  
  121  12:07  Overlord  
  121  12:08  Overlord x3  
  120  12:17  Zergling x12  
  120  12:27  Roach x4  
  115  12:32  Drone x2  
  115  12:33  Drone x2  
  119  12:53  Drone  
  119  12:54  Drone x6  
  119  12:57  Roach  
  128  13:02  Hatchery  
  127  13:18  Roach x9  
  145  13:28  Infestation Pit  
  145  13:34  Drone x4  
  144  13:35  Drone  
  146  13:44  Overlord x2  
  146  13:47  Roach  
  146  13:48  Roach x2, Zergling x2  
  150  13:49  Zergling x8  
  129  14:07  Overseer  
  129  14:08  Mutalisk, Overseer  
  129  14:09  Mutalisk x3  
  90  14:14  Mutalisk x3  
  66  14:26  Mutalisk x2  
  62  14:38  Mutalisk  
  47  14:51  Mutalisk  
  46  15:02  Zergling x2  
  46  15:05  Zergling x2  
  48  15:13  Zergling x14  
  48  15:14  Zergling x10  
  60  15:33  Zergling x16  
  62  15:50  Mutalisk x3  
  62  15:51  Mutalisk x3  
  60  16:03  Mutalisk x2  
  60  16:04  Mutalisk  
  58  16:15  Mutalisk x2  
  58  16:16  Mutalisk  
  22  17:16  Overlord  
  22  17:17  Overlord  
  22  17:35  Drone  
Tags
 
Add a new tag
Caveats
  • Supply blocks, unpowered buildings, or Contaminate may cause inaccurate times.
  • Supply counts are checked every 10 seconds.